 Dungeon Crawl Stone Soup version 0.25.1-2-g60ff931df9 (webtiles) character file.

Game seed: 3090582842436672951

18828 H0rd4k the Slicer (level 13, -1/99 HPs)
             Began as a Human Artificer on Oct 5, 2020.
             Was an Initiate of Gozag.
             Slain by an ice beast (11 damage)
             ... summoned by an ice statue
             ... in an ice cave on Oct 6, 2020.
             The game lasted 00:33:43 (18863 turns).

H0rd4k the Slicer (Human Artificer)                Turns: 18863, Time: 00:33:44

Health: -1/99      AC: 18    Str: 29    XL:     13   Next: 0%
Magic:  0/17       EV: 14    Int: 15    God:    Gozag
Gold:   1645       SH:  0    Dex: 14    Spells: 12/12 levels left

rFire    . . .     SeeInvis +   i - +1 short sword (drain)
rCold    . . .     Gourm    .   (no shield)
rNeg     + . .     Faith    .   V - +4 chain mail of Sonamnad {*Corrode Str+9 Slay+4 SInv}
rPois    .         Spirit   +   F - +1 helmet
rElec    .         Reflect  .   G - scarf {harm}
rCorr    .         Harm     +   w - +0 pair of gloves
MR       .....                  s - +0 pair of boots
Stlth    +.........             U - amulet of guardian spirit
HPRegen  0.26/turn              y - +6 ring of strength
MPRegen  0.15/turn              Q - ring of positive energy

@: studying Maces & Flails
A: no striking features
a: Potion Petition, Call Merchant, Bribe Branch, Renounce Religion


You were in an ice cave.
You worshipped Gozag.
Gozag was most pleased with you.
You were not hungry.

You visited 3 branches of the dungeon, and saw 16 of its levels.
You also visited: Sewer and Ice Cave.

You collected 2132 gold pieces.
You spent 288 gold pieces at shops.
You paid 199 gold pieces to Gozag.

Inventory:

Hand Weapons
 i - a +1 short sword of draining (weapon)
 K - a cursed +3 long sword
 M - a +1 shortbow of flaming
Missiles
 z - 28 poisoned darts (quivered)
Armour
 s - a +0 pair of boots (worn)
 w - a +0 pair of gloves (worn)
 F - a +1 helmet (worn)
 G - a scarf of harm (worn)
 V - the +4 chain mail of Sonamnad (worn) {*Corrode Str+9 Slay+4 SInv}
   (You found it in an ice cave)

   It affects your strength (+9).
   It affects your accuracy and damage with ranged weapons and melee attacks
   (+4).
   It lets you see invisible.
   It may corrode you when you take damage.
Magical Staves
 x - an uncursed staff of summoning
Jewellery
 y - a +6 ring of strength (left hand)
 I - an uncursed amulet of the acrobat
 L - a +6 ring of dexterity
 Q - a ring of positive energy (right hand)
 U - an amulet of guardian spirit (around neck)
Wands
 e - a wand of random effects (9)
 A - a wand of polymorph (9)
 T - a wand of clouds (6)
Scrolls
 g - a scroll of enchant armour {unknown}
 h - a scroll of noise {unknown}
 j - 3 scrolls of random uselessness
 k - 3 scrolls of fog
 m - 3 scrolls of amnesia
 o - 3 scrolls of fear
 p - 3 scrolls of remove curse
 q - a scroll of magic mapping
 C - 2 scrolls of summoning
 E - a scroll of blinking
 J - a scroll of brand weapon {unknown}
 N - 2 scrolls of enchant weapon {unknown}
 S - 2 scrolls of identify
Potions
 c - a potion of brilliance
 l - 4 potions of flight
 n - 2 potions of lignification
 r - a potion of berserk rage
 u - a potion of haste
 v - 3 potions of mutation
 B - a potion of curing
 D - a potion of stabbing
 P - a potion of magic
Books
 R - a manual of Maces & Flails
Comestibles
 f - 11 rations


   Skills:
 + Level 8.6 Fighting
 + Level 12.3 Short Blades
 + Level 1.5 Throwing
 + Level 6.0 Armour
 + Level 9.0 Dodging
 + Level 7.8 Stealth
 + Level 6.0 Evocations


You had 12 spell levels left.
You didn't know any spells.
Your spell library contained the following spells:

 Spells                   Type           Power        Failure   Level  Hunger
 Sandblast                Erth           #.....       78%         1    ##.....
 Passwall                 Tmut/Erth      #.......     89%         2    ###....
 Stone Arrow              Conj/Erth      #.....       98%         3    ####...
 Petrify                  Tmut/Erth      #.......     100%        4    #####..
 Lee's Rapid Deconstruct  Erth           #.........   100%        5    ######.


Dungeon Overview and Level Annotations

Branches:
Dungeon (11/15)            Temple (1/1) D:5            Lair (4/6) D:9
 Shoals (0/4) Lair:2       Spider (0/4) Lair:4        Sewer (visited)
  IceCv (1/1)
    Orc: D:9-12

Altars:
Ashenzari
Cheibriados
Dithmenos
Elyvilon
Fedhas
Gozag
Hepliaklqana
Kikubaaqudgha
Makhleb
Nemelex Xobeh
Okawaru
Qazlal
Ru
Sif Muna
Trog
Uskayaw
Vehumet
Wu Jian
Xom
Yredelemnul
Zin
The Shining One

Shops:
D:6 ?   D:8 [   D:9 ?

Annotations:
D:4 exclusion: 2 phantoms
D:9 exclusion: upstairs
D:10 exclusions: downstairs and killer bee
Lair:1 exclusion: hydra IceCv 1 transporter, exclusion: ice statue


Message History

Press: ? - help, Dir - move target cursor, p - ice beast You create a blast of negative energy!
The ice beast hits you.
* * * LOW HITPOINT WARNING * * *
The ice beast freezes you.
* * * LOW HITPOINT WARNING * * *
The ice beast is engulfed in negative energy.
The ice beast is drained!
Your ice beast hits the ice statue but does no damage.
The ice beast is engulfed in negative energy.
The ice beast is drained!
Evoke which item? (* to show all) (? for menu, Esc to quit)
Aiming: Cloud Cone
Press: ? - help, Dir - move target cursor, f - ice beast
Aim: an ice beast (moderately wounded, summoned) Really cloud near your ice beast?
You create a blast of poison gas!
The ice beast hits you.
* * * LOW HITPOINT WARNING * * *
The ice beast freezes you!
You die...
Your body crumbles into a pile of gold.

###########
##...$©[...##
#...8.|.8...#
##§§§§§§§....##
#.§§§§Y§......#
#.§§Y8§§.$....#
#..§§YY.......#
##...§@......##
#...........#
#.....©.....#
##.........##
##...∩...##
##.....##
#######


You could see an ice statue, 3 ice beasts and a friendly ice beast (charmed,
summoned).

Vanquished Creatures
  A two-headed ogre (D:8)
  3 death yaks (D:9)
  A manticore (Lair:2)
  2 black mambas
  An ice statue (IceCv)
  6 spiny frogs
  2 rime drakes
  3 komodo dragons
  2 polar bears
  A jumping spider (Lair:4)
  A merfolk (Lair:2)
  A queen bee (Lair:2)
  7 hippogriffs
  6 blink frogs (Lair:2)
  A wraith (D:10)
  A redback (Lair:4)
  2 orc warriors
  2 basilisks (Lair:2)
  A wyvern (Lair:2)
  6 yaks
  A hungry ghost (D:7)
  3 porcupines
  5 water moccasins
  A black bear (D:9)
  5 ice beasts
  A sky beast (D:8)
  3 ogres
  A phantom (D:9)
  A necrophage (D:9)
  12 wolves
  4 crocodiles
  2 big kobolds
  11 bullfrogs
  A scorpion (Lair:1)
  21 killer bees (Lair:2)
  2 wights (D:8)
  4 electric eels (Lair:2)
  2 crimson imps
  2 bullfrog zombies
  4 hounds
  2 orc priests (D:3)
  2 jellies (D:9)
  3 bullfrog skeletons
  4 orc wizards
  An iguana (D:4)
  6 worker ants
  A hound skeleton (D:7)
  2 worker ant zombies (D:7)
  10 adders
  3 gnolls (D:8)
  3 river rats
  2 shadow imps
  12 white imps (Lair:4)
  An ooze (D:5)
  An adder skeleton (D:4)
  A worm (D:2)
  4 dart slugs
  3 leopard geckos
  16 orcs
  8 giant cockroaches
  4 goblins
  9 hobgoblins
  17 jackals
  14 kobolds
  2 quokkas (D:9)
  A ball python (D:7)
  12 bats
  8 frilled lizards
  8 rats
296 creatures vanquished.

Vanquished Creatures (collateral kills)
  An ugly thing (IceCv)
  Maggie (D:8)
  A spriggan (D:8)
  An ice beast (IceCv)
  2 crocodiles (Lair:2)
  2 wights (D:8)
  A crimson imp (D:6)
  A hound (D:6)
  An orc wizard (D:6)
  An orc (D:6)
12 creatures vanquished.

Vanquished Creatures (others)
  An ugly thing (IceCv)
  A spiny frog (Lair:2)
  A killer bee (Lair:2)
  An ice beast (IceCv)
  4 fungi
  22 plants
30 creatures vanquished.

Grand Total: 338 creatures vanquished

Notes
Turn   | Place    | Note
-------+----------+-------------------------------------------
     0 | D:1      | H0rd4k the Human Artificer began the quest for the Orb.
     0 | D:1      | Reached XP level 1. HP: 15/15 MP: 3/3
   235 | D:1      | Reached XP level 2. HP: 21/21 MP: 4/4
   663 | D:1      | Reached XP level 3. HP: 18/26 MP: 5/5
  1667 | D:2      | Reached XP level 4. HP: 18/32 MP: 6/6
  1675 | D:2      | Reached skill level 1 in Armour
  2863 | D:3      | Reached XP level 5. HP: 37/37 MP: 7/7
  3296 | D:3      | Reached skill level 2 in Short Blades
  3781 | D:4      | Reached XP level 6. HP: 44/44 MP: 8/8
  4022 | D:4      | Noticed a phantom
  4460 | D:4      | Found a hazy altar of Hepliaklqana.
  4983 | D:4      | Reached skill level 3 in Short Blades
  5427 | D:5      | Entered Level 5 of the Dungeon
  5461 | D:5      | Reached XP level 7. HP: 45/51 MP: 9/9
  5574 | D:5      | Found a staircase to the Ecumenical Temple.
  5825 | D:5      | Found a basalt altar of Yredelemnul.
  6142 | D:6      | Killed an orc warrior
  6142 | D:6      | Reached skill level 4 in Short Blades
  6480 | D:6      | Found a glowing drain.
  6484 | Sewer    | Entered a sewer
  6653 | Sewer    | Reached XP level 8. HP: 43/58 MP: 10/10
  6755 | Sewer    | Found a glowing silver altar of Zin.
  6865 | D:6      | Found Juckowom's Magic Scroll Shop.
  6929 | D:6      | Reached skill level 5 in Short Blades
  7208 | D:6      | Found a snail-covered altar of Cheibriados.
  7259 | Temple   | Entered the Ecumenical Temple
  7845 | D:7      | Found a shadowy altar of Dithmenos.
  7928 | D:7      | Reached skill level 6 in Short Blades
  7928 | D:7      | Reached XP level 9. HP: 65/65 MP: 12/12
  7985 | D:7      | Noticed a hippogriff
  8003 | D:7      | Killed a hippogriff
  8107 | D:7      | Reached skill level 5 in Dodging
  8309 | D:7      | Found a burning altar of Makhleb.
  8720 | D:8      | Reached skill level 1 in Throwing
  8779 | D:8      | Found Nyetwaiba's Armour Boutique.
  8792 | D:8      | Reached skill level 7 in Short Blades
  9011 | D:8      | Noticed a green ugly thing
  9113 | D:8      | Noticed a two-headed ogre
  9140 | D:8      | Found a shadowy altar of Dithmenos.
  9151 | D:8      | Found a sacrificial altar of Ru.
  9291 | D:8      | Found an opulent altar of Gozag.
  9299 | D:8      | Became a worshipper of Gozag Ym Sagoz the Greedy
  9449 | D:9      | Noticed a death yak
  9455 | D:9      | Noticed a death yak
  9455 | D:9      | Noticed a death yak
  9474 | D:9      | Killed a death yak
  9474 | D:9      | Reached skill level 5 in Fighting
  9474 | D:9      | Reached skill level 8 in Short Blades
  9474 | D:9      | Reached XP level 10. HP: 54/74 MP: 13/13
  9494 | D:9      | Killed a death yak
  9500 | D:9      | Reached skill level 9 in Short Blades
  9816 | D:9      | Found a staircase to the Lair.
  9826 | D:9      | You fall into a shaft and drop 2 floors!
  9832 | D:11     | Noticed a cyclops
  9843 | D:10     | Entered Level 10 of the Dungeon
 10217 | D:10     | Noticed a molten gargoyle
 10302 | D:9      | Reached skill level 5 in Stealth
 10479 | D:9      | Killed a death yak
 10479 | D:9      | Reached skill level 5 in Evocations
 10935 | D:9      | Found Tubeb's Magic Scroll Emporium.
 10984 | D:9      | Bought a scroll of blinking for 127 gold pieces
 10984 | D:9      | Bought a scroll of summoning for 161 gold pieces
 11423 | D:8      | Noticed Maggie
 11435 | D:8      | Killed Maggie
 11435 | D:8      | Reached XP level 11. HP: 83/83 MP: 14/14
 11451 | D:8      | Reached skill level 10 in Short Blades
 11477 | D:8      | Killed a two-headed ogre
 11534 | D:8      | Found a hide-covered altar of Uskayaw.
 11701 | Lair:1   | Entered Level 1 of the Lair of Beasts
 12095 | Lair:1   | Noticed a seven-headed hydra
 12150 | Lair:1   | Reached skill level 5 in Armour
 13338 | Lair:2   | Reached skill level 11 in Short Blades
 14742 | Lair:2   | Reached XP level 12. HP: 91/91 MP: 16/16
 14987 | Lair:2   | Found a staircase to the Shoals.
 16717 | Lair:2   | Reached skill level 12 in Short Blades
 17939 | Lair:4   | Found a hole to the Spider Nest.
 18390 | Lair:4   | Found a frozen archway.
 18504 | IceCv    | Entered an ice cave
 18539 | IceCv    | Found a transporter.
 18743 | IceCv    | Got a warped chain mail
 18756 | IceCv    | Identified the +4 chain mail of Sonamnad {*Corrode Str+9
                  | Slay+4 SInv} (You found it in an ice cave)
 18799 | IceCv    | Found a transporter.
 18846 | IceCv    | Reached XP level 13. HP: 86/99 MP: 17/17
 18863 | IceCv    | Slain by an ice beast

Illustrated notes

Levels and vault maps discovered:
D:1:      ncdulo_halloftheorcs, layout_loops_cross
D:2:      minmay_evil_eye, layout_basic, first_ration,
          kennysheep_big_empty_room, corexii_corridor_pit
D:3:      layout_basic
D:4:      layout_gridville, overflow_temple_1_default, bh_walls_and_bars
D:5:      layout_rooms, nicolae_overflow_crystal_walls,
          minmay_temple_entry_hall, serial_bayou_pond_d
D:6:      layout_basic, cheibriados_altar_1, serial_shops, nicolae_shop_crystal,
          gup_sewer_entry_bowl
D:7:      layout_basic, marbit_many_paths, grunt_dithmenos_smoke
D:8:      layout_basic, nicolae_overflow_quartered_altars, serial_shops, shop,
          shop, grunt_pizzeria, uniq_maggie
D:9:      layout_basic, dpeg_lair_monsters, serial_shops, shop,
          minmay_misc_feat_roman
D:10:     layout_gridville, minivault_8
D:11:     layout_rooms
Temple:   nicolae_temple_great_sept
Lair:1:   layout_long_grid
Lair:2:   regret_index_wax_grids, layout_cave_pods, elwin_shoals_entry_rooms,
          serial_bayou, serial_bayou_lagoon_b, serial_bayou_pond_d,
          serial_bayou_lake_a, serial_bayou_pond_a, serial_bayou_shore_a,
          serial_bayou_ford_a
Lair:3:   layout_cave_pods
Lair:4:   layout_loops_ring, spider_nest_entry_a, portal_ice_cave_entry_imps,
          grunt_megastairs_2
IceCv:    ice_cave_statue_garden_transporter

Skill      XL: |  1  2  3  4  5  6  7  8  9 10 11 12 |
---------------+-------------------------------------+-----
Armour         | 1 2 3 4 5 6 |  6.0
Short Blades   | 2 3 4 6 8 9 11 12 | 12.3
Fighting       | 2 3 5 6 7 8 |  8.6
Dodging        | 3 4 5 6 7 9 |  9.0
Stealth        | 2 3 4 5 6 7 |  7.8
Evocations     | 4 5 6 |  6.0
Throwing       | 1 |  1.5

Action                   |  1- 3 |  4- 6 |  7- 9 | 10-12 | 13-15 || total
-------------------------+-------+-------+-------+-------+-------++-------
Melee: Short sword       |   110 |   214 |   474 |   998 |     9 ||  1805
Throw: Dart              |       |       |     8 |     8 |       ||    16
Evoke: Wand              |     1 |       |    16 |    34 |     4 ||    55
  Use: Potion            |       |     3 |     1 |    14 |       ||    18
       Scroll            |       |    10 |     5 |     6 |       ||    21
 Stab: Sleeping          |     1 |     2 |     6 |     7 |       ||    16
       Distracted        |       |     1 |     1 |     8 |       ||    10
       Betrayed ally     |       |       |       |     3 |       ||     3
       Paralysed         |       |       |       |     1 |       ||     1
  Eat: Chunk             |     2 |    10 |    14 |       |       ||    26
       Ration            |       |     1 |       |     9 |       ||    10
Armor: Leather armour    |    39 |    70 |   116 |   122 |       ||   347
       Skin              |       |     4 |       |       |       ||     4
       Chain mail        |       |       |       |    11 |    12 ||    23
Dodge: Dodged            |    80 |   175 |   265 |   574 |     2 ||  1096
